 Dungeon Crawl Stone Soup version 0.32-a0-837-g8d3e27d251 (webtiles) character file.

Game seed: 14421822389325564834

112 Bamboolord the Sneak (level 4, -6/25 HPs)
             Began as a Vampire Enchanter on Mar 26, 2024.
             Mangled by an orc
             ... wielding a +0 flail
              (10 damage)
             ... on level 3 of the Dungeon.
             The game lasted 00:06:55 (1527 turns).

Bamboolord the Sneak (Vampire Enchanter)            Turns: 1527, Time: 00:06:56

Health: -6/25      AC:  2    Str:  7    XL:     4   Next: 63%
Magic:  11/17      EV: 11    Int: 19    God:
Gold:   130        SH:  0    Dex: 14    Spells: 0/8 levels left

rFire   + . .        h - +4 dagger (freeze)
rCold   + + .        (no shield)
rNeg    + + +        b - +0 robe
rPois   ∞            (no helmet)
rElec   .            (no cloak)
rCorr   .            (no gloves)
SInv    +            (no boots)
Will    .....        (no amulet)
Stlth   +++++        e - ring of magical power
HPRegen 0.00/turn    f - ring of protection from fire
MPRegen 0.15/turn

%: no passive effects
@: bloodless, inhibited regen
A: bloodless, fangs 3, see invisible, vampiric 2
a: Bat Form, Revivify


You were on level 3 of the Dungeon.
You visited 1 branch of the dungeon, and saw 3 of its levels.

You collected 130 gold pieces.

Inventory:

Hand Weapons
 h - a +4 dagger of freezing (weapon)
Armour
 b - a +0 robe (worn)
Jewellery
 e - a ring of magical power (left hand)
 f - a ring of protection from fire (right hand)
 k - a ring of protection from fire
Scrolls
 a - a scroll of amnesia
 d - a scroll of blinking {unknown}
 g - 2 scrolls of revelation
Potions
 c - 2 potions of invisibility
 i - a potion of curing
 j - a potion of lignification
 l - a potion of might


   Skills:
 + Level 1.0 Fighting
 + Level 1.7 Short Blades
 + Level 2.6 Dodging
 * Level 5.5 Stealth
 * Level 2.7 Spellcasting
 * Level 5.3 Hexes
 + Level 0.7 Ice Magic


You couldn't memorise any spells.
You knew the following spells:

 Your Spells              Type           Power      Damage    Failure   Level
a - Ensorcelled Hibernat  Hex/Ice        28%        N/A       7%          2
b - Confusing Touch       Hex            22%        N/A       5%          3
c - Tukima's Dance        Hex            22%        N/A       5%          3

Your spell library contained the following spells:

 Spells                   Type           Power      Damage    Failure   Level
 Sigil of Binding         Hex            22%        N/A       5%          3
 Dazzling Flash           Conj/Hex       24%        N/A       16%         3
 Call Canine Familiar     Summ           2%         N/A       43%         3
 Dimensional Bullseye     Hex/Tloc       6%         N/A       45%         4


Dungeon Overview and Level Annotations

Branches:
Dungeon (3/15)

Altars:

Annotations:
D:3 Sigmund


Innate Abilities, Weirdness & Mutations

You do not regenerate when monsters are visible.
You are frail without blood (-20% HP).
You can heal yourself when you bite living creatures.
You are immune to poison.
You have razor-sharp teeth.
You have supernaturally acute eyesight. (SInv)
You are afflicted with vampirism and can become a bat while bloodless.


Message History

Aim: an orc priest, wielding a +0 mace (chance to affect: 47%)
The orc priest resists with some effort.
The orc shouts!
The orc priest hits you with a +0 mace!
Unknown command.
Casting: Ensorcelled Hibernation (safe; 8% risk of failure)
Confirm with . or Enter, or press ? or * to list all spells.
Aiming: Ensorcelled Hibernation (safe; 8% risk of failure)
Press: ? - help, Shift-Dir - straight line, f/p - orc priest
Aim: an orc priest, wielding a +0 mace (chance to affect: 47%)
The orc priest resists with some effort.
The orc closely misses you. The orc priest hits you with a +0 mace.
The orc barely misses you.
The orc priest threatens, "Beogh's wrath is as vast as their mercy.
Make your choice!" (press Y on the ability menu to convert to Beogh)
Casting: Ensorcelled Hibernation (safe; 8% risk of failure)
Confirm with . or Enter, or press ? or * to list all spells.
Aiming: Ensorcelled Hibernation (safe; 8% risk of failure)
Press: ? - help, Shift-Dir - straight line, f/p - orc priest
Aim: an orc priest, wielding a +0 mace (chance to affect: 47%)
The orc priest looks drowsy...
The orc hits you with a +0 flail. The orc closely misses you.
Unknown command.
The helpless orc priest fails to defend itself.
You bite the orc priest, and draw its blood!
You feel better.
You impale the orc priest!! You freeze the orc priest.
You kill the orc priest!
The orc barely misses you. The orc misses you.
Your Fighting skill increases to level 1!
Okay, then.
You hit the orc. You freeze the orc.
The orc is almost dead.
The orc misses you. The orc hits you but does no damage.
You closely miss the orc.
The orc is almost dead.
The orc hits you with a +0 flail!
* * * LOW HITPOINT WARNING * * *
The orc barely misses you. The orc attacks as it pursues you!
The orc hits you with a +0 flail!
You die...

....##.###.#. .##
............. ..
...........### ####
#............# ##$⌠$##
#..........#.# ##.....##
#...†......#.# #.......#
#.....†....#.# #..)....#
#..........#.# #o......#
#..........#.# #@o.....#
#..........#.# #.......#
#............#.#.......#
#..........###.#.......#
#..........# #...........
#..........#####.....####
#................#####
#.....)....#######
##########.#


You could see 2 orcs.

Vanquished Creatures
  An orc priest (D:3)
  Jessica (D:2)
  2 adders (D:2)
  A ribbon worm (D:2)
  An orc (D:2)
  2 ball pythons
  5 endoplasms
  A giant cockroach (D:1)
  A goblin (D:2)
  4 hobgoblins
  7 kobolds
  2 bats
  5 rats
33 creatures vanquished.

Notes
Turn   | Place    | Note
-------+----------+-------------------------------------------
     0 | D:1      | Bamboolord the Vampire Enchanter began the quest for the
                  | Orb.
     0 | D:1      | Reached XP level 1. HP: 13/13 MP: 3/3
   207 | D:1      | Reached XP level 2. HP: 19/19 MP: 5/5
   243 | D:1      | Learned a level 2 spell: Ensorcelled Hibernation
   915 | D:2      | Gained mutation: You are afflicted with vampirism and can
                  | become a bat while bloodless. [Vampire growth]
   915 | D:2      | Reached XP level 3. HP: 12/20 MP: 6/6
   984 | D:2      | Reached skill level 5 in Stealth
  1132 | D:2      | Noticed Jessica
  1138 | D:2      | Killed Jessica
  1139 | D:2      | Reached skill level 5 in Hexes
  1139 | D:2      | Reached XP level 4. HP: 24/24 MP: 7/7
  1345 | D:3      | Noticed Sigmund
  1420 | D:2      | Learned a level 3 spell: Confusing Touch
  1424 | D:2      | Learned a level 3 spell: Tukima's Dance
  1525 | D:3      | Reached skill level 1 in Fighting
  1527 | D:3      | Mangled by an orc

Illustrated notes

Levels and vault maps discovered:
D:1:      minmay_arrival_up_and_down, layout_basic
D:2:      layout_rooms, uniq_jessica
D:3:      cheibrodos_pilgrimage, layout_basic, uniq_sigmund,
          uniq_crazy_yiuf_cottage, uniq_natasha

Skill      XL: |  1  2  3  4 |
---------------+-------------+-----
Stealth        | 5 |  5.5
Hexes          | 5 |  5.3
Fighting       | 1 |  1.0
Short Blades   | |  1.7
Dodging        | |  2.6
Spellcasting   | |  2.7
Ice Magic      | |  0.7

Action                     |  1- 3 |  4- 6 || total
---------------------------+-------+-------++-------
  Melee: Dagger            |    57 |    14 ||    71
         Bite              |     4 |       ||     4
   Cast: Ensorcelled Hiber |     1 |     3 ||     4
Ability: Exsanguinate      |     1 |       ||     1
    Use: Scroll            |     6 |       ||     6
   Stab: Sleeping          |    13 |     2 ||    15
         Distracted        |       |     1 ||     1
 Armour: Robe              |    16 |    13 ||    29
  Dodge: Dodged            |    18 |    14 ||    32

Table legend: (Time is in decaauts)
 A = Elapsed time spent in this place.
 B = Non-inter-level travel time spent in this place.
 C = Inter-level travel time spent in this place.
 D = Time resting spent in this place.
 E = Time spent auto-exploring this place.
 F = Levels seen in this place.
 G = Mean time per level.
                   A        B        C        D        E       F      G
               +--------+--------+--------+--------+--------+-----+--------+
         Total |   1523 |   1426 |     97 |    106 |    947 |   3 |  507.7 |
       Dungeon |   1523 |   1426 |     97 |    106 |    947 |   3 |  507.7 |
               +--------+--------+--------+--------+--------+-----+--------+

Top non-repeatable levels by time:
     D:1: 735 daAuts
     D:2: 714 daAuts
     D:3: 73 daAuts
